 Dungeon Crawl Stone Soup version 0.29.0-13-gc9e81de378 (webtiles) character file.

Game seed: 15518925161485344425

16 freelancePsychic the Cudgeller (level 3, 0/30 HPs)
             Began as a Meteoran Gladiator on Sept 10, 2022.
             Splashed by a jelly's acid (8 damage)
             ... on level 3 of the Dungeon.
             The game lasted 00:01:17 (207 turns).

freelancePsychic the Cudgeller (Meteoran Gladiator)  Turns: 207, Time: 00:01:18

Health: 0/30       AC: -5    Str: 17    XL:     3   Next: 0%
Magic:  4/4        EV: 12    Int:  9    God:
Gold:   6          SH:  0    Dex: 16    Spells: 2/2 levels left

rFire   . . .      SeeInvis .   a - +0 flail
rCold   . . .      Faith    .   (no shield)
rNeg    . . .      Spirit   .   i - +0 ring mail
rPois   .          Reflect  .   c - +0 helmet
rElec   .          Harm     .   (no cloak)
rCorr   .          Rampage  .   (no gloves)
Will    .....                   j - +0 pair of boots
Stlth   +.........              (no amulet)
HPRegen 0.10/turn               (no ring)
MPRegen 0.09/turn               (no ring)

@: corroded, glowing
A: sense surroundings 1, otherworldly, glowing, explore regen
a: no special abilities


You were on level 3 of the Dungeon.
You visited 1 branch of the dungeon, and saw 3 of its levels.

You collected 6 gold pieces.

Inventory:

Hand Weapons
 a - a +0 flail (weapon)
Missiles
 d - 2 throwing nets (quivered)
 e - a javelin
Armour
 c - a +0 helmet (worn)
 i - a +0 ring mail (worn)
 j - a +0 pair of boots (worn)
Scrolls
 f - a scroll of fear {unknown}
 h - a scroll of teleportation {unknown}
Potions
 g - a potion of resistance {unknown}


   Skills:
 + Level 2.5 Fighting
 * Level 4.6 Maces & Flails
 + Level 2.8 Throwing
 - Level 3.6 Dodging


You had 2 spell levels left.
You didn't know any spells.
Your spell library contained the following spells:

 Spells                   Type           Power      Damage    Failure   Level
 Summon Small Mammal      Summ           0%         N/A       58%         1
 Call Canine Familiar     Summ           0%         N/A       92%         3
 Summon Guardian Golem    Hex/Summ       0%         N/A       92%         3


Dungeon Overview and Level Annotations

Branches:
Dungeon (3/15) Zot: 1586

Altars:


Innate Abilities, Weirdness & Mutations

You passively map a small area around you.
You are easily found by Zot.
You glow in the dark.
You regain HP and MP as you explore.


Message History

You finish putting on your +0 pair of boots.
You drop a +0 leather armour.
A frilled lizard comes into view.
Found a scroll labelled FUXKYSULLU.
The frilled lizard hisses angrily.
The frilled lizard moves out of view.
Found a glowing ruby potion.
A jelly comes into view.
The frilled lizard closely misses you.
You see here a scroll labelled FUXKYSULLU.
You closely miss the frilled lizard. The frilled lizard misses you.
You hit the frilled lizard but do no damage.
The frilled lizard bites you but does no damage. x2
You hit the jelly. The acid corrodes you!
Your hands burn!
The jelly is moderately wounded.
The jelly hits you.
You are splashed with acid!
The frilled lizard completely misses you.
You are too injured to fight recklessly!
You are too injured to fight recklessly!
You are too injured to fight recklessly!
You are too injured to fight recklessly!
You are too injured to fight recklessly!
You are too injured to fight recklessly!
You are too injured to fight recklessly!
You are too injured to fight recklessly!
You are too injured to fight recklessly!
You are too injured to fight recklessly!
You are too injured to fight recklessly!
You are too injured to fight recklessly!
You are too injured to fight recklessly!
You are too injured to fight recklessly!
You are too injured to fight recklessly!
You are too injured to fight recklessly!
The frilled lizard attacks as you move away!
The frilled lizard barely misses you. The jelly hits you.
The acid corrodes you!
You are splashed with acid.
The jelly attacks as you move away! The jelly hits you.
* * * LOW HITPOINT WARNING * * *
The acid corrodes you!
You are splashed with acid!
You die...

, * , #.. .### * ..#
..# , ,.. ..## * #.
...# *, * * #.##.. *
#..#.#,# * ,
#...J#.#.## ##
#.#@l.....# ,..##*
#..#...##.# #...#
######[##...#,*
##...##...##.# .....!
#....>..†..#.#####...#
............>.# *....
, ......>.....#.# *
... * *
.......<....#.# *..
#......)...##.# *


You could see a jelly and a frilled lizard.

Vanquished Creatures
  A dart slug (D:3)
  A ball python (D:1)
  2 endoplasms
  A hobgoblin (D:1)
  4 jackals (D:1)
  A quokka (D:3)
  A bat (D:2)
  A kobold (D:1)
12 creatures vanquished.

Notes
Turn   | Place    | Note
-------+----------+-------------------------------------------
     0 | D:1      | freelancePsychic the Meteoran Gladiator began the quest for
                  | the Orb.
     0 | D:1      | Reached XP level 1. HP: 17/17 MP: 2/2
    50 | D:1      | Reached XP level 2. HP: 6/25 MP: 3/3
   194 | D:3      | Reached XP level 3. HP: 30/30 MP: 4/4
   207 | D:3      | Splashed by a jelly's acid

Illustrated notes

Levels and vault maps discovered:
D:1:      dpeg_arrival_round_a, layout_loops_cross
D:2:      layout_basic, shapermc_ecumenical_altar_pompeii, uniq_natasha
D:3:      layout_rooms

Action                   || total
-------------------------++-------
Melee: Flail             ||    34
Throw: Throwing net      ||     1
Armor: Leather armour    ||    24
       Ring mail         ||     2
Dodge: Dodged            ||    42
